 Dungeon Crawl Stone Soup version 0.25.0-9-g26727b657a (webtiles) character file.

Game seed: 17245683021327663047

39 mopl the Insei (level 3, -7/20 HPs)
             Began as a Kobold Transmuter on June 17, 2020.
             Mangled by a worm (11 damage)
             ... on level 2 of the Dungeon.
             The game lasted 00:01:45 (1239 turns).

mopl the Insei (Kobold Transmuter)                  Turns: 1239, Time: 00:01:46

Health: -7/20      AC:  2    Str:  8    XL:     3   Next: 70%
Magic:  3/6        EV: 15    Int: 14    God:
Gold:   122        SH:  0    Dex: 15    Spells: 1/7 levels left

rFire    . . .     SeeInvis .     - Unarmed
rCold    . . .     Gourm    .   (shield restricted)
rNeg     . . .     Faith    .   b - +0 robe
rPois    .         Spirit   .   (no helmet)
rElec    .         Reflect  .   (no cloak)
rCorr    .         Harm     .   (no gloves)
MR       .....                  (boots currently unavailable)
Stlth    +.........             (no amulet)
HPRegen  0.06/turn              (no ring)
MPRegen  0.10/turn              (no ring)

@: appendage, very slightly contaminated
A: small, talons 3, carnivore
a: End Transformation


You were on level 2 of the Dungeon.
You were completely stuffed.
You had grown temporary talons.
You visited 1 branch of the dungeon, and saw 2 of its levels.

You collected 122 gold pieces.

Inventory:

Missiles
 a - 36 arrows
 e - 104 stones (quivered)
 p - 25 sling bullets
Armour
 b - a +0 robe (worn)
 r - +0 ice dragon scales
Wands
 o - a wand of iceblast (8)
Scrolls
 c - a scroll of enchant armour {unknown}
 f - a scroll of noise {unknown}
 j - a scroll of teleportation {unknown}
 k - 3 scrolls of amnesia
 m - 2 scrolls of identify {unknown}
 n - a scroll of remove curse {unknown}
 q - a scroll of fear {unknown}
Potions
 g - a potion of curing {unknown}
 i - a potion of heal wounds {unknown}
 l - a potion of cancellation {unknown}
Comestibles
 d - 4 rations


   Skills:
 - Level 1.1 Fighting
 - Level 2.4 Dodging
 * Level 3.7 Unarmed Combat
 + Level 2.6 Spellcasting
 + Level 2.4 Transmutations
 + Level 0.3 Poison Magic


You had one spell level left.
You knew the following spells:

 Your Spells              Type           Power        Failure   Level  Hunger
a - Beastly Appendage     Tmut           #.....       9%          1    #......
b - Spider Form           Tmut/Pois      #.........   36%         3    ###....
w - Sticks to Snakes      Tmut           #.......     12%         2    ###....

Your spell library contained the following spells:

 Spells                   Type           Power        Failure   Level  Hunger
 Ice Form                 Ice/Tmut       #.......     80%         4    #####..
 Blade Hands              Tmut           #.........   92%         5    ######.


Dungeon Overview and Level Annotations

Branches:
Dungeon (2/15)

Altars:


Innate Abilities, Weirdness & Mutations

You are small and have problems with some larger weapons.
You are carnivorous and can eat meat at any time.
You have claws for feet.


Message History

Confirm with . or Enter, or press ? or * to list all spells.
You don't have enough magic to cast that spell.
The worm bites you!
You hit the worm. You claw the worm.
The worm is moderately wounded.
All of the chunks of flesh in your inventory have rotted away.
You barely miss the worm. You claw the worm.
The worm is heavily wounded.
The worm bites you!
* * * LOW HITPOINT WARNING * * *
You hit the worm but do no damage. You claw the worm!
The worm is almost dead.
The worm misses you.
You hit the worm.
The worm is almost dead.
You hit the worm but do no damage.
The worm is almost dead.
The worm bites you!
Ouch! That really hurt!
You die...

#.# # #####.#.#
######.#
#.......#
.<.....##.##
#.###.#.#
..##.......## #.
#.#.#
.....#####.##.#.
#.#.# #.##.#
#.##.#. #.#.#
#.##.#
#......###.#.#
#.##.#
#............#
#.##.#
.#w@.....#
#.##..
#.......#.#
...##.
#...#####.# .#.
. #... #.# # #
#. ##.. #.# #..
#.# #.. .# #..


You could see a worm.

Vanquished Creatures
  An adder (D:2)
  A worm (D:2)
  A ball python (D:1)
  6 bats
  4 goblins
  4 hobgoblins
  2 frilled lizards
  2 kobolds (D:1)
  6 rats
27 creatures vanquished.

Notes
Turn   | Place    | Note
-------+----------+-------------------------------------------
     0 | D:1      | mopl the Kobold Transmuter began the quest for the Orb.
     0 | D:1      | Reached XP level 1. HP: 12/12 MP: 3/3
   178 | D:1      | Reached XP level 2. HP: 16/16 MP: 3/5
   182 | D:1      | Learned a level 2 spell: Sticks to Snakes
   890 | D:2      | Reached XP level 3. HP: 20/20 MP: 4/6
   940 | D:2      | Learned a level 3 spell: Spider Form
  1239 | D:2      | Mangled by a worm

Illustrated notes

Levels and vault maps discovered:
D:1:      heliophobic_arrival_battle_scene, layout_basic, minmay_door_square,
          minmay_misc_feat_ornament
D:2:      layout_loops_ring, first_ration, minmay_hexomino_p4

Action                   || total
-------------------------++-------
Melee: Unarmed           ||    84
       Kick              ||    14
       Headbutt          ||     1
       Punch             ||     1
 Cast: Beastly Appendage ||    21
       Spider Form       ||     1
  Use: Scroll            ||     1
 Stab: Sleeping          ||     4
  Eat: Chunk             ||    10
Armor: Robe              ||    14
Dodge: Dodged            ||    64
